 Dungeon Crawl Stone Soup version 0.30-a0-760-g5a9884bb7c (webtiles) character file.

Game seed: 16582417833432388169

86 jimonade the Poker (level 4, 0/34 HPs)
             Began as a Merfolk Warper on Feb 12, 2023.
             Slain by a scorpion (1 damage)
             ... on level 3 of the Dungeon.
             The game lasted 00:05:44 (2366 turns).

jimonade the Poker (Merfolk Warper)                 Turns: 2366, Time: 00:05:44

Health: 0/34       AC:  8    Str: 13    XL:     4   Next: 49%
Magic:  7/7        EV:  6    Int: 12    God:
Gold:   114        SH:  0    Dex: 13    Spells: 7/7 levels left

rFire   . . .      SeeInvis .    a - +0 spear
rCold   . . .      Faith    .    (no shield)
rNeg    . . .      Spirit   .    v - +0 chain mail
rPois   .          Reflect  .    (no helmet)
rElec   .          Harm     .    (no cloak)
rCorr   .          Rampage  .    (no gloves)
Will    .....                    (no boots) Stlth
                                 r - amulet of the acrobat
HPRegen 0.25/turn                (no ring)
MPRegen 0.10/turn                (no ring)

@: lethally poisoned (0 -> -6)
A: (nimble swimmer 2), mertail
a: no special abilities


You were on level 3 of the Dungeon.
You visited 1 branch of the dungeon, and saw 3 of its levels.

You collected 114 gold pieces.

Inventory:

Hand Weapons
 a - a +0 spear (weapon)
 i - a +0 dagger of venom
 j - a +1 dagger of freezing
Missiles
 d - 7 boomerangs of dispersal
 g - 2 javelins
 o - 6 poisoned darts (quivered)
Armour
 b - a +0 leather armour
 k - a +0 scale mail
 v - a +0 chain mail (worn)
Jewellery
 q - an amulet of faith
 r - an amulet of the acrobat (around neck)
Scrolls
 c - a scroll of blinking
 e - a scroll of enchant weapon {unknown}
 f - 3 scrolls of noise {unknown}
 p - a scroll of poison {unknown}
 s - a scroll of teleportation {unknown}
Potions
 h - a potion of resistance {unknown}
 l - a potion of magic {unknown}
 m - a potion of mutation {unknown}
 n - 2 potions of flight {unknown}
 t - a potion of haste {unknown}
 u - a potion of curing {unknown}


   Skills:
 + Level 2.8 Fighting
 * Level 4.7 Polearms
 + Level 1.0 Throwing
 + Level 0.9 Armour
 + Level 2.9 Dodging
 + Level 0.9 Stealth
 + Level 2.1 Spellcasting
 + Level 2.7 Translocations


You had 7 spell levels left.
You didn't know any spells.
Your spell library contained the following spells:

 Spells                   Type           Power      Damage    Failure   Level
 Blink                    Tloc           14%        N/A       99%         2
 Lesser Beckoning         Tloc           14%        N/A       99%         2
 Freeze                   Ice            4%         1d3       100%        1
 Cigotuvi's Dreadful Rot  Necr/Pois/Air  2%         N/A       100%        2
 Momentum Strike          Conj/Tloc      8%         3d8       100%        2
 Poisonous Vapours        Pois/Air       2%         N/A       100%        2
 Frozen Ramparts          Ice            2%         1d1       100%        3
 Hailstorm                Conj/Ice       1%         3d3       100%        3
 Mephitic Cloud           Conj/Pois/Air  1%         N/A       100%        3
 Teleport Other           Tloc           7%         N/A       100%        3
 Vhi's Electric Charge    Tloc/Air       8%         N/A       100%        3
 Manifold Assault         Tloc           7%         N/A       100%        4


Dungeon Overview and Level Annotations

Branches:
Dungeon (3/15)

Altars:

Shops:
D:3 :


Innate Abilities, Weirdness & Mutations

((You are very nimble when in or above water. (Stealth+, EV+, Speed+++)))
Your lower body shifts to a powerful aquatic tail in water.


Message History

You hit the scorpion.
The scorpion is severely wounded.
You feel sick. The scorpion stings you.
You hit the scorpion.
The scorpion is almost dead.
You feel sick.
The scorpion stings you but does no damage. x2
You barely miss the scorpion.
The scorpion is almost dead.
You feel sick. The scorpion stings you.
You are lethally poisoned!
The scorpion poisons you!
You are too injured to fight recklessly!
You are too injured to fight recklessly!
You are too injured to fight recklessly!
You barely miss the scorpion.
The scorpion is almost dead.
* * * LOW HITPOINT WARNING * * *
You feel very sick.
You hit the scorpion but do no damage.
The scorpion is almost dead.
* * * LOW HITPOINT WARNING * * *
You feel very sick.
The scorpion stings you but does no damage.
The scorpion stings you.
* * * LOW HITPOINT WARNING * * *
You closely miss the scorpion.
The scorpion is almost dead.
* * * LOW HITPOINT WARNING * * *
You feel sick.
You hit the scorpion but do no damage.
The scorpion is almost dead.
* * * LOW HITPOINT WARNING * * *
You feel very sick. The scorpion barely misses you.
You closely miss the scorpion.
The scorpion is almost dead.
* * * LOW HITPOINT WARNING * * *
You feel sick. The scorpion stings you.
You die...

.##..........
...... ......#
#... P....
#....P# +..#
#... #.....#
#..# #..
......# #..+
#.# ##.#..#
#..####.#
#.#..#
+.......#
#...##
##.......#####
##..#
#...####@....#
# #..# +...#
#s....#.###
##.# #...#
#.........#.
#.####..##
#..(........
#.......#
#..(........
#..PP...#
#...(⌠.⌠....
#.####..+
#.##..∩.....
#.# #..#
#.#..⌠.⌠....
#.# +...# #.
.........


You could see a scorpion.

Vanquished Creatures
  2 adders (D:2)
  A gnoll (D:1)
  2 worms (D:2)
  2 dart slugs
  5 bats
  6 endoplasms
  2 giant cockroaches (D:1)
  8 hobgoblins
  3 jackals (D:1)
  A kobold (D:1)
  4 quokkas
  3 ball pythons
  3 frilled lizards (D:1)
  2 goblins
  A rat (D:1)
45 creatures vanquished.

Vanquished Creatures (others)
  2 fungi (D:1)
2 creatures vanquished.

Grand Total: 47 creatures vanquished

Notes
Turn   | Place    | Note
-------+----------+-------------------------------------------
     0 | D:1      | jimonade the Merfolk Warper began the quest for the Orb.
     0 | D:1      | Reached XP level 1. HP: 16/16 MP: 3/3
   208 | D:1      | Reached XP level 2. HP: 6/22 MP: 5/5
   530 | D:1      | Reached skill level 3 in Polearms
   749 | D:1      | Reached XP level 3. HP: 16/28 MP: 6/6
   994 | D:1      | Found a faded altar of an unknown god.
  1381 | D:2      | Reached skill level 4 in Polearms
  1511 | D:2      | Reached XP level 4. HP: 19/34 MP: 7/7
  2338 | D:3      | Found Yvap's Book Shop.
  2343 | D:3      | Noticed a scorpion
  2366 | D:3      | HP: 1/34 [poisoned by a scorpion]
  2366 | D:3      | Slain by a scorpion

Illustrated notes

Levels and vault maps discovered:
D:1:      sevenhm_arrival_forest_fort_large_4, layout_loops_corners,
          shapermc_ecumenical_altar_ellora, minmay_pentomino_r2
D:2:      layout_basic
D:3:      corexii_shack_village, layout_basic,
          mainiacjoe_overflow_small_starburst, serial_shops,
          nicolae_diamond_shop, nicolae_shop_trees, shop, shop_fountains,
          nicolae_shop_competitors_out_of_business, dk_noncrumbling_2

Skill      XL: |  1  2  3 |
---------------+----------+-----
Polearms       | 3 4 |  4.7
Fighting       | |  2.8
Throwing       | |  1.0
Armour         | |  0.9
Dodging        | |  2.9
Stealth        | |  0.9
Spellcasting   | |  2.1
Translocations | |  2.7

Action                     |  1- 3 |  4- 6 || total
---------------------------+-------+-------++-------
  Melee: Spear             |   126 |    73 ||   199
         Punch             |     3 |       ||     3
  Throw: Dart              |       |     3 ||     3
   Stab: Sleeping          |     5 |       ||     5
 Armour: Leather armour    |    14 |       ||    14
         Scale mail        |     2 |    11 ||    13
         Chain mail        |       |     8 ||     8
  Dodge: Dodged            |    44 |    15 ||    59

Table legend: (Time is in decaauts)
 A = Elapsed time spent in this place.
 B = Non-inter-level travel time spent in this place.
 C = Inter-level travel time spent in this place.
 D = Time resting spent in this place.
 E = Time spent auto-exploring this place.
 F = Levels seen in this place.
 G = Mean time per level.
                   A        B        C        D        E       F      G
               +--------+--------+--------+--------+--------+-----+--------+
         Total |   2347 |   2081 |    266 |      0 |   1660 |   3 |  782.3 |
       Dungeon |   2347 |   2081 |    266 |      0 |   1660 |   3 |  782.3 |
               +--------+--------+--------+--------+--------+-----+--------+

Top non-repeatable levels by time:
     D:1: 1361 daAuts
     D:2: 899 daAuts
     D:3: 87 daAuts
